 Dungeon Crawl Stone Soup version 0.19.5 (webtiles) character file.

235 JeffiDaFish the Cudgeler (level 6, -15/38 HPs)
             Began as a Gargoyle Fighter on Oct 13, 2017.
             Demolished by an ogre
             ... wielding a +0 giant club
              (18 damage)
             ... on level 4 of the Dungeon.
             The game lasted 00:04:47 (2767 turns).

JeffiDaFish the Cudgeler (Gargoyle Fighter)         Turns: 2767, Time: 00:04:47

Health: -15/38     AC: 12    Str: 25 (26) XL:     6   Next: 6%
Magic:  6/6        EV:  8    Int:  8      God:
Gold:   166        SH: 10    Dex: 11      Spells: 0 memorised, 5 levels left

rFire  . . .     SeeInvis .     a - +0 flail
rCold  . . .     Gourm    .     b - +0 scale mail
rNeg   + . .     Faith    .     c - +0 shield
rPois  ∞         Spirit   .     (no helmet)
rElec  +         Reflect  .     h - +0 cloak
rCorr  .         Harm     .     (no gloves)
MR     .....     Rnd*Rage +     (no boots)
Stlth  .......... Rnd*Tele +    (no amulet)
                                (no ring)
                                l - +6 ring of strength

@: no status effects
A: berserk 1, deterioration 1, negative energy resistance 1, electricity
resistance, teleportitis 1, unbreathing, petrification resistance, rot immunity,
AC +4
a: no special abilities


You were on level 4 of the Dungeon.
You were not hungry.

You visited 1 branch of the dungeon, and saw 4 of its levels.

You collected 166 gold pieces.

Inventory:

Hand Weapons
 a - a +0 flail (weapon)
Armour
 b - a +0 scale mail (worn)
 c - a +0 shield (worn)
 h - a +0 cloak (worn)
Jewellery
 l - a +6 ring of strength (left hand)
Scrolls
 e - 3 scrolls of remove curse
 m - a scroll of teleportation
 n - 2 scrolls of magic mapping
Potions
 d - a potion of might
 k - a potion of curing
 p - 2 potions of ambrosia
Comestibles
 f - 3 bread rations
 g - a beef jerky
 i - a royal jelly
 j - 2 fruits
 o - 11 chunks of flesh


   Skills:
 + Level 4.0 Fighting
 + Level 4.3 Maces & Flails
 + Level 4.1 Armour
 + Level 1.0 Dodging
 + Level 0.2 Stealth
 + Level 4.1 Shields


You had 5 spell levels left.
You didn't know any spells.

Dungeon Overview and Level Annotations

Branches:
Dungeon (4/15)
 Temple: D:4-7

Altars:
The Shining One


Innate Abilities, Weirdness & Mutations

You are resistant to torment.
Your stone body is resilient. (AC +4)
You are immune to poison.
You resist negative energy. (rN+)
You are resistant to electric shocks. (rElec)
You can survive without breathing.
You are immune to petrification.
You are immune to rotting.
You tend to lose your temper in combat.
Your body sometimes deteriorates upon taking damage.
You are occasionally teleported next to monsters.


Message History

HP restored.
You start waiting.
You feel less invigorated.
You feel less confused. As you open the door, it creaks loudly!
There is an open door here.
An ogre comes into view. It is wielding a giant club.
The ogre shouts!
You barely miss the ogre. The ogre hits you with a giant club!!
Ouch! That really hurt!
Your shield prevents you from hitting the ogre.
The ogre hits you with a giant club!
* * * LOW HITPOINT WARNING * * *
You are too injured to fight recklessly!
You are too injured to fight recklessly!
You are too injured to fight recklessly!
You are too injured to fight recklessly!
Your shield and scale mail prevent you from hitting the ogre.
The ogre hits you with a giant club!!
You die...

#####.# #....#
...#.# ##.###
#.#.## #.# #....##
#.# #.....# #.#
#....######.#
#.#.........#
#.##.#.#.#########
#.....O@.#
########.# #.# #.#
#.# #.# #.# .#


You could see an ogre.

Vanquished Creatures
  An ogre (D:4)
  A hound (D:3)
  Crazy Yiuf (D:3)
  3 adders
  2 worms (D:3)
  2 dart slugs
  3 leopard geckos
  2 orcs (D:3)
  4 giant cockroaches
  5 hobgoblins
  4 jackals (D:1)
  2 quokkas
  2 ball pythons
  6 bats
  2 frilled lizards
  8 goblins
  5 kobolds
  2 rats (D:2)
55 creatures vanquished.

Notes
Turn   | Place    | Note
-------+----------+-------------------------------------------
     0 | D:1      | JeffiDaFish the Gargoyle Fighter began the quest for the Orb.
     0 | D:1      | Reached XP level 1. HP: 14/14 MP: 1/1
     1 | D:1      | Noticed an electric eel
   204 | D:1      | Reached XP level 2. HP: 19/19 MP: 2/2
   811 | D:2      | Reached XP level 3. HP: 23/23 MP: 3/3
  1561 | D:2      | Gained mutation: You are occasionally teleported next to monsters. [potion of mutation]
  1561 | D:2      | Gained mutation: Your body sometimes deteriorates upon taking damage. [potion of mutation]
  1561 | D:2      | Gained mutation: You tend to lose your temper in combat. [potion of mutation]
  1724 | D:2      | Reached XP level 4. HP: 28/28 MP: 4/4
  2231 | D:3      | Reached skill level 1 in Dodging
  2505 | D:3      | Reached XP level 5. HP: 33/33 MP: 5/5
  2541 | D:3      | Found a glowing golden altar of the Shining One.
  2614 | D:3      | Found a runed door.
  2618 | D:3      | Noticed Crazy Yiuf
  2627 | D:3      | Killed Crazy Yiuf
  2694 | D:4      | Noticed an ogre
  2700 | D:4      | Killed an ogre
  2700 | D:4      | Reached XP level 6. HP: 29/38 MP: 6/6
  2767 | D:4      | Demolished by an ogre

Skill      XL: |  1  2  3  4  5 |
---------------+----------------+-----
Armour         | 4 |  4.1
Maces & Flails | 3 4 |  4.3
Dodging        | 1 |  1.0
Shields        | 4 |  4.1
Fighting       | 4 |  4.0
Stealth        | |  0.2

Action                   |  1- 3 |  4- 6 || total
-------------------------+-------+-------++-------
Melee: Flail             |   141 |    86 ||   227
  Use: Scroll            |     7 |     1 ||     8
       Potion            |     5 |     4 ||     9
  Eat: Chunk             |     3 |     4 ||     7
Armor: Scale mail        |   100 |    41 ||   141
       Skin              |       |     6 ||     6
Dodge: Dodged            |    50 |    18 ||    68
Block: Shield            |    85 |    47 ||   132
